 Dungeon Crawl Stone Soup version 0.28.0-53-g5a82cb258f (webtiles) character file.

Game seed: 16515010392888994048

192918 cbfl8 the Severer (level 18, -1/264 HPs)
             Began as a Minotaur Berserker on July 27, 2022.
             Was the Champion of Trog.
             Killed from afar by Nikola (10 damage)
             ... with a bolt of lightning
             ... on level 2 of the Shoals on July 28, 2022.
             The game lasted 01:01:08 (44663 turns).

cbfl8 the Severer (Minotaur Berserker)             Turns: 44663, Time: 01:01:08

Health: -1/264     AC: 30    Str: 28    XL:     18   Next: 5%
Magic:  17/17      EV: 17    Int:  9    God:    Trog [******]
Gold:   2691       SH:  0    Dex: 19    Spells: 17/17 levels left

rFire   + . .      SeeInvis +   U - +7 battleaxe of Qewaanlo {vorpal, Contam rElec Will+++ Stlth+}
rCold   . . .      Faith    .   (shield currently unavailable)
rNeg    + . .      Spirit   .   M - +6 chain mail "Utabeik" {rF+ Str+4 Stlth+}
rPois   +          Reflect  .   i - +2 hat
rElec   +          Harm     .   w - +0 cloak
rCorr   .          Rampage  .   d - +2 pair of gloves {Dex+3}
Will    +++++      Clarity  +   h - +2 pair of boots
Stlth   ..........              z - amulet of the Four Winds {rN+ Will+++ Clar}
HPRegen 0.54/turn               u - ring "Lichej" {rPois Will+ Int+5 SInv}
MPRegen 0.15/turn               a - +4 ring of slaying

@: berserking (expiring), very quick
A: horns 2, retaliatory headbutt
a: Renounce Religion, Berserk, Trog's Hand, Brothers in Arms


You were on level 2 of the Shoals.
You worshipped Trog.
Trog was exalted by your worship.
You visited 5 branches of the dungeon, and saw 29 of its levels.
You visited 1 bazaar.
You also visited: Ossuary, Bailey and Ice Cave.

You collected 3738 gold pieces.
You spent 1047 gold pieces at shops.

Inventory:

Hand Weapons
 F - a +2 antimagic battleaxe
 U - the +7 battleaxe of Qewaanlo (weapon) {vorpal, Contam rElec Will+++ Stlth+}
   (Trog gifted it to you on level 2 of the Shoals)

   It inflicts extra damage upon your enemies.
   rElec:     It insulates you from electricity.
   Contam:    It causes magical contamination when unequipped.
   Will:      It greatly increases your willpower.
   Stlth:     It makes you more stealthy.
 W - a +1 executioner's axe of freezing
Armour
 d - a +2 pair of gloves of dexterity (worn)
 h - a +2 pair of boots (worn)
 i - a +2 hat (worn)
 w - a +0 cloak (worn)
 M - the +6 chain mail "Utabeik" (worn) {rF+ Str+4 Stlth+}
   (You found it on level 13 of the Dungeon)

   Str:       It affects your strength (+4).
   rF:        It protects you from fire.
   Stlth:     It makes you more stealthy.
Jewellery
 a - a +4 ring of slaying (right hand)
 b - a ring of flight
 r - a ring of willpower
 u - the ring "Lichej" (left hand) {rPois Will+ Int+5 SInv}
   (You found it on level 3 of the Snake Pit)

   [ring of poison resistance]

   Int:       It affects your intelligence (+5).
   rPois:     It protects you from poison.
   SInv:      It lets you see invisible.
   Will:      It increases your willpower.
 z - the amulet of the Four Winds (around neck) {rN+ Will+++ Clar}
   (You bought it in a shop on level 1 of the Orcish Mines)

   [amulet of nothing]

   rN:        It protects you from negative energy.
   Clar:      It protects you against confusion.
   Will:      It greatly increases your willpower.
 B - a ring of protection from fire
 Q - a ring of magical power
 S - a +4 ring of evasion
 V - a ring of ice
Wands
 t - a wand of flame (46) (quivered)
 y - a wand of polymorph (20)
 Y - a wand of digging (4)
Scrolls
 e - 8 scrolls of enchant weapon
 f - 6 scrolls of immolation
 g - 7 scrolls of magic mapping
 j - a scroll of holy word
 k - 2 scrolls of fog
 l - 2 scrolls of enchant armour
 n - a scroll of brand weapon
 q - 2 scrolls of summoning
 v - 10 scrolls of identify
 D - 5 scrolls of noise
 E - 5 scrolls of teleportation
 K - a scroll of blinking
 L - 2 scrolls of fear
 O - 2 scrolls of silence
 Z - a scroll of acquirement
Potions
 c - 3 potions of curing
 m - a potion of magic
 p - 7 potions of attraction
 s - 7 potions of mutation
 x - 11 potions of ambrosia
 A - 2 potions of heal wounds
 C - 2 potions of might
 G - 2 potions of berserk rage
 H - 7 potions of lignification
 I - 4 potions of haste
 N - a potion of resistance
 T - 2 potions of cancellation
Miscellaneous
 o - a condenser vane
 P - a condenser vane
 R - a phial of floods
 X - a box of beasts


   Skills:
 * Level 19.4 Fighting
 + Level 20.4 Axes
 + Level 14.4 Armour
 * Level 13.6 Dodging
 * Level 11.3 Stealth
 * Level 11.5 Evocations


You had 17 spell levels left.
You didn't know any spells.
Your spell library was empty.

Dungeon Overview and Level Annotations

Branches:
Dungeon (15/15)            Temple (0/1) D:7            Lair (6/6) D:9
 Shoals (2/4) Lair:2        Snake (4/4) Lair:4        Slime (0/5) Lair:6
    Orc (2/2) D:11            Elf (0/3) Orc:2        Vaults (0/5) D:14
 Depths (0/4) D:15        Ossuary (visited)          Bailey (visited)
  IceCv (visited)

Altars:
Fedhas
Makhleb
Qazlal
Ru
Trog
Uskayaw
Xom

Shops:
D:8 !   D:9 ***?   Orc:1 =   Orc:2 ==[[=   Shoals:1 *(*?   Snake:2 (

Portals:
Hell: Lair:6

Annotations:
Shoals:2 Ilsuiw, Nikola


Innate Abilities, Weirdness & Mutations

You have a pair of horns on your head.
You reflexively headbutt those who attack you in melee.


Message History

The satyr is severely wounded.
You slice the manticore!!
Ilsuiw casts a spell.
Ilsuiw sings a water chant to call the tide!
The merfolk siren hits you but does no damage.
Unknown command.
Your unstable footing causes you to fumble your attack.
Nikola casts a spell.
Lightning arcs from Nikola's hands!
The bolt of lightning hits the satyr!!!
The satyr dies!
You hear a splash. x3
A bolt of lightning appears from out of thin air!
The bolt of lightning hits you!! You resist.
* * * LOW HITPOINT WARNING * * *
The bolt of lightning hits Ilsuiw!!!
The bolt of lightning hits the manticore!!!
The manticore dies!
The bolt of lightning hits the merfolk siren!!!
The merfolk siren dies!
You hear a splash.
The bolt of lightning hits Nikola.
You hear an angry hiss.
You are too berserk!
You are too berserk!
Ilsuiw hits you from afar with a +3 trident of freezing.
* * * LOW HITPOINT WARNING * * *
Ilsuiw freezes you.
* * * LOW HITPOINT WARNING * * *
You are too berserk!
Unknown command.
You feel a strong urge to attack something.
Ilsuiw closely misses you.
Splash!
You fall into the shallow water.
Moving in this stuff is going to be slow.
You feel your anger nearly subside.
Nikola says, "You don't look like a good insulator."
Nikola gestures at you while chanting. The bolt of lightning hits you!
You resist.
You die...

....# #.....≈≈≈≈≈≈≈≈≈≈≈≈≈≈≈≈≈≈≈≈
.≈..#**##....≈≈≈≈≈≈≈≈≈≈≈≈≈≈≈≈≈≈≈≈
≈≈≈,,,**#......≈≈≈≈≈≈≈≈≈≈≈≈≈≈≈≈≈≈
≈≈≈≈,,,*#...###.≈≈≈≈≈≈≈≈≈≈≈≈≈≈≈≈≈
≈≈<≈,,**##.## #.≈≈≈≈≈≈≈≈≈≈≈≈≈≈≈≈≈
,,,,,** ##.###.≈≈≈≈≈≈≈≈≈≈≈≈≈≈≈≈≈
,***** ####(.≈≈≈≈≈≈≈≈≈≈≈≈≈≈≈≈≈ **
#...≈≈≈≈≈≈≈≈≈≈≈≈≈≈≈≈≈ *
####@≈)≈≈≈≈≈≈≈≈≈≈≈≈≈≈ **
##.≈≈≈≈≈≈≈≈≈≈≈≈≈≈≈ ,******
##)))≈≈≈≈≈≈≈≈≈≈≈≈ ≈,,,>,* *****
#≈m@≈≈≈≈≈≈≈≈≈≈≈≈ ≈≈,,,,*
**,,,****##≈≈≈≈≈≈≈≈≈≈≈≈≈≈
≈≈≈,≈,***,,,,,,,**#.≈≈≈≈≈≈≈≈≈≈≈≈≈
≈≈≈≈≈,,,,,,,,≈,,,*...≈≈≈≈≈≈≈≈≈≈≈≈
≈≈≈≈≈,,,,≈≈≈≈≈≈≈,,...≈≈≈≈≈≈≈≈≈≈≈≈
≈≈≈≈≈≈,,,≈≈≈≈≈≈≈,,....≈≈≈≈≈≈≈≈≈≈≈


You could see Nikola (empowered) and Ilsuiw (invisible).

Vanquished Creatures
  Mara (Snake:3)
  Mlioglotl (Shoals:2)
  Gastronok (D:8)
  A tengu reaver (D:14)
  Aizul (Snake:1)
  A fire giant (D:14)
  2 nagarajas
  2 dire elephants (Lair:6)
  A merfolk javelineer (Shoals:2)
  3 ettins
  2 merfolk impalers (Shoals:2)
  Harold (D:7)
  6 boulder beetles
  A great orb of eyes (D:14)
  7 naga warriors
  A catoblepas (D:13)
  10 hydras
  2 alligator snapping turtles
  2 dancing weapons (D:14)
  2 merfolk aquamancers
  A satyr (Shoals:2)
  Erica (D:9)
  5 centaur warriors
  3 two-headed ogres
  10 anacondas
  2 tengu warriors (D:15)
  4 shock serpents
  3 orc high priests (Orc:2)
  9 death yaks
  5 naga sharpshooters
  A deep elf knight (D:12)
  A salamander mystic (Snake:2)
  A sixfirhy (Lair:6)
  8 sea snakes
  9 skeletal warriors
  A goliath frog (shapeshifter) (D:14)
  16 naga ritualists
  23 harpies
  2 bog bodies (IceCv)
  6 orc knights
  A phantasmal warrior (D:14)
  A wizard (Lair:6)
  A necromancer (D:15)
  Pikel (D:9)
  8 mana vipers
  21 fauns
  6 orc sorcerers
  9 manticores
  11 ugly things
  2 oklob plants (Lair:4)
  2 salamanders (Snake:3)
  2 cyclopes
  12 elephants
  7 merfolk sirens
  2 guardian serpents
  A smoke demon (Lair:6)
  30 black mambas
  An ice statue (IceCv)
  13 naga magi
  A water nymph (Shoals:1)
  3 orange demons (Lair:6)
  Maggie (D:10)
  A gargoyle (D:12)
  4 rime drakes
  12 komodo dragons
  14 cane toads
  2 unseen horrors
  Psyche (D:9)
  An anaconda simulacrum (IceCv)
  A rime drake (shapeshifter) (D:13)
  4 yaktaurs (D:15)
  A tengu conjurer (D:15)
  4 ice devils
  A komodo dragon (shapeshifter) (D:14)
  A freezing wraith (D:15)
  An entropy weaver simulacrum (IceCv)
  A queen bee (Lair:1)
  A polar bear (Lair:1)
  A wind drake (Shoals:1)
  6 trolls
  9 merfolk
  3 meliai (D:14)
  A queen bee (shapeshifter) (D:12)
  A hornet (D:10)
  Grinder (D:6)
  10 dream sheep
  Prince Ribbit (D:6)
  22 slime creatures
  4 snapping turtles
  30 blink frogs
  2 shadows
  2 wraiths
  2 vampires
  A spriggan (shapeshifter) (D:12)
  6 wyverns
  8 basilisks
  A basilisk (shapeshifter) (D:13)
  3 fire bats (Lair:2)
  40 yaks
  9 water elementals
  A steam dragon (D:9)
  3 death yak simulacra (IceCv)
  19 vampire mosquitoes
  2 harpy simulacra (IceCv)
  42 nagas
  2 wargs (Orc:2)
  Edmund (D:4)
  4 hell hounds (Lair:6)
  An acid dragon (D:10)
  26 water moccasins
  Duvessa (D:4)
  31 orc warriors
  A sky beast (D:7)
  4 black bears
  8 wolves
  3 ogres
  A necrophage (D:6)
  4 centaurs
  3 phantoms
  4 lemures (D:9)
  8 kobold brigands
  9 bullfrogs
  4 scorpions
  6 two-headed ogre simulacra (IceCv)
  A cane toad simulacrum (IceCv)
  Dowan (D:4)
  A water moccasin zombie (D:6)
  37 killer bees
  2 elephant simulacra (IceCv)
  6 wights
  7 electric eels
  5 howler monkeys
  4 centaur zombies
  A lava snake (Lair:2)
  2 jellies (Lair:6)
  Crazy Yiuf (D:3)
  4 hounds (D:6)
  17 orc priests
  2 bullfrog skeletons (D:6)
  A centaur skeleton (D:7)
  2 human zombies (Ossuary)
  Ijyb (D:3)
  6 iguanas
  21 orc wizards
  3 polar bear simulacra (IceCv)
  7 spriggan simulacra (IceCv)
  Natasha (D:3)
  3 troll simulacra (IceCv)
  7 mummies
  Robin (D:4)
  4 naga simulacra (IceCv)
  7 adders
  A shadow imp (D:5)
  11 white imps
  6 ufetubi
  2 adder skeletons
  2 dart slugs (D:1)
  A worm (D:2)
  77 orcs
  10 ball pythons
  7 endoplasms
  2 giant cockroaches
  11 goblins
  9 hobgoblins
  4 jackals (D:1)
  6 quokkas
  2 bats (D:1)
  A frilled lizard (D:1)
  2 goblin zombies
  A hobgoblin zombie (Ossuary)
  21 kobolds
  3 kobold zombies (Ossuary)
  An orc zombie (D:7)
  5 rats
1036 creatures vanquished.

Vanquished Creatures (collateral kills)
  An orc warlord (Orc:1)
  A manticore (Shoals:2)
  A merfolk siren (Shoals:2)
  A merfolk (Shoals:2)
  A snapping turtle (Shoals:2)
  A water elemental (Shoals:2)
  An ogre (Orc:1)
7 creatures vanquished.

Vanquished Creatures (others)
  A satyr (Shoals:2)
  A manticore (Shoals:2)
  A merfolk siren (Shoals:2)
  2 orc warriors (Orc:2)
  40 bushes
  45 fungi
  111 plants
201 creatures vanquished.

Grand Total: 1244 creatures vanquished

Notes
Turn   | Place    | Note
-------+----------+-------------------------------------------
     0 | D:1      | cbfl8 the Minotaur Berserker began the quest for the Orb.
     0 | D:1      | Reached XP level 1. HP: 19/19 MP: 0/0
    95 | D:1      | Reached XP level 2. HP: 27/27 MP: 1/1
   160 | D:1      | Reached skill level 4 in Axes
   423 | D:1      | Reached ** piety under Trog
   424 | D:1      | Reached XP level 3. HP: 34/34 MP: 2/2
  1015 | D:2      | Found a hide-covered altar of Uskayaw.
  1151 | D:3      | Reached XP level 4. HP: 41/41 MP: 3/3
  1159 | D:3      | Reached skill level 5 in Fighting
  1378 | D:3      | Reached skill level 5 in Axes
  1483 | D:3      | Noticed Ijyb
  1497 | D:3      | Killed Ijyb
  1498 | D:3      | Reached XP level 5. HP: 25/48 MP: 4/4
  1981 | D:3      | Noticed Natasha
  1986 | D:3      | Killed Natasha
  2295 | D:3      | Found a runed translucent door.
  2296 | D:3      | Noticed Crazy Yiuf
  2432 | D:3      | Killed Crazy Yiuf
  2714 | D:4      | Noticed Edmund
  2728 | D:4      | Killed Edmund
  2729 | D:4      | Reached skill level 1 in Stealth
  2729 | D:4      | Reached skill level 1 in Evocations
  2729 | D:4      | Reached XP level 6. HP: 56/56 MP: 5/5
  2796 | D:4      | Noticed Robin
  2806 | D:4      | Killed Robin
  2809 | D:4      | Reached *** piety under Trog
  2880 | D:4      | Noticed Duvessa
  2881 | D:4      | Noticed Dowan
  2886 | D:4      | Killed Duvessa
  2887 | D:4      | Reached XP level 7. HP: 62/62 MP: 6/6
  2895 | D:4      | Killed Dowan
  2896 | D:4      | Reached skill level 6 in Axes
  3220 | D:4      | Found a bloodstained altar of Trog.
  3220 | D:4      | Found a sacrificial altar of Ru.
  3436 | D:5      | Entered Level 5 of the Dungeon
  3494 | D:5      | Reached skill level 5 in Armour
  4339 | D:6      | Noticed Prince Ribbit
  4353 | D:6      | Reached XP level 8. HP: 71/71 MP: 7/7
  4356 | D:6      | Killed Prince Ribbit
  4357 | D:6      | Reached skill level 7 in Axes
  4548 | D:6      | Noticed Grinder
  4567 | D:6      | Killed Grinder
  4688 | D:6      | Reached skill level 8 in Axes
  5101 | D:6      | Reached skill level 5 in Dodging
  5101 | D:6      | Reached XP level 9. HP: 79/79 MP: 8/8
  5378 | D:7      | Found a staircase to the Ecumenical Temple.
  5477 | D:7      | Found a sand-covered staircase.
  5484 | Ossuary  | Entered an ossuary
  5720 | Ossuary  | Reached **** piety under Trog
  5773 | D:7      | Noticed Harold
  5820 | D:7      | Killed Harold
  5821 | D:7      | Reached skill level 9 in Axes
  6817 | D:8      | Noticed Gastronok
  7010 | D:8      | Killed Gastronok
  7011 | D:8      | Reached skill level 10 in Axes
  7011 | D:8      | Reached XP level 10. HP: 34/91 MP: 9/9
  7721 | D:8      | Found Ufip's Distillery.
  7833 | D:8      | Noticed a two-headed ogre
  7841 | D:8      | Killed a two-headed ogre
  7842 | D:8      | Reached skill level 5 in Stealth
  8584 | D:9      | Found Boafrufeob's Assorted Antiques.
  8585 | D:9      | Found Xusax's General Store.
  8588 | D:9      | Found Negob's Assorted Antiques.
  8597 | D:9      | Found Saduhor's Magic Scroll Shop.
  8611 | D:9      | Reached skill level 5 in Evocations
  8697 | D:9      | Reached skill level 11 in Axes
  8698 | D:9      | Reached skill level 10 in Fighting
  8698 | D:9      | Reached XP level 11. HP: 99/99 MP: 10/10
  9132 | D:9      | Bought a scroll of identify for 26 gold pieces
  9132 | D:9      | Bought a scroll of identify for 26 gold pieces
  9133 | D:9      | Bought a scroll of teleportation for 39 gold pieces
  9559 | D:9      | Noticed Erica
  9809 | D:9      | Killed Erica
  9995 | D:9      | Found a staircase to the Lair.
 10005 | D:9      | You are sucked into a shaft and drop 2 floors!
 10018 | D:11     | Reached ***** piety under Trog
 10131 | D:10     | Entered Level 10 of the Dungeon
 10221 | D:10     | Noticed Maggie
 10233 | D:10     | Killed Maggie
 10271 | D:10     | Found a flagged portal.
 10281 | Bailey   | Entered a bailey
 10762 | Bailey   | Noticed an orc knight
 10978 | Bailey   | Killed an orc knight
 11110 | Bailey   | Found an iron altar of Okawaru.
 11395 | D:10     | Reached skill level 12 in Axes
 12184 | D:9      | Noticed Psyche
 12189 | D:9      | Killed Psyche
 12306 | D:9      | Found a burning altar of Makhleb.
 12318 | D:9      | Noticed Pikel
 12326 | D:9      | Killed Pikel
 12786 | D:11     | Reached XP level 12. HP: 76/110 MP: 11/11
 13073 | D:11     | Found a staircase to the Orcish Mines.
 13923 | D:12     | Noticed an eight-headed hydra
 13928 | D:12     | Noticed a boulder beetle
 13928 | D:12     | Noticed an eight-headed hydra
 13933 | D:12     | Killed a 15-headed hydra
 13934 | D:12     | Reached skill level 13 in Axes
 13938 | D:12     | Killed a boulder beetle
 13941 | D:12     | Killed a 13-headed hydra
 13942 | D:12     | Reached skill level 10 in Armour
 13954 | D:12     | Noticed a boulder beetle
 14314 | D:12     | Noticed a boulder beetle
 14321 | D:12     | Killed a boulder beetle
 14368 | D:12     | Killed a boulder beetle
 14490 | D:12     | Noticed a two-headed ogre
 14496 | D:12     | Killed a two-headed ogre
 14678 | D:12     | Noticed a centaur warrior
 14685 | D:12     | Killed a centaur warrior
 14716 | D:12     | Identified the +8 rapier of Equivalence {elec, Int+2 SInv}
 15338 | D:12     | Reached skill level 14 in Axes
 15346 | D:12     | Reached XP level 13. HP: 75/119 MP: 12/12
 16516 | D:13     | Identified the +6 chain mail "Utabeik" {rF+ Str+4 Stlth+}
 17990 | D:14     | Found a gate to the Vaults.
 18311 | D:14     | Reached skill level 15 in Axes
 18777 | D:14     | Reached skill level 10 in Dodging
 19214 | D:14     | Noticed a tengu reaver
 19217 | D:14     | Noticed an ettin
 19220 | D:14     | Noticed a fire giant
 19221 | D:14     | Killed an ettin
 19224 | D:14     | Killed a fire giant
 19308 | D:14     | Identified the +7 shortbow of Aphyrgh {speed, rCorr Str+5
                  | Int-3 Stlth+}
 19402 | D:14     | Killed a tengu reaver
 19729 | D:15     | Entered Level 15 of the Dungeon
 19755 | D:15     | Reached XP level 14. HP: 98/132 MP: 13/13
 20733 | D:15     | Found a staircase to the Depths.
 21928 | Lair:1   | Entered Level 1 of the Lair of Beasts
 21940 | Lair:1   | Reached ****** piety under Trog
 21952 | Lair:1   | Reached skill level 16 in Axes
 21955 | Lair:1   | Reached skill level 15 in Fighting
 21966 | Lair:1   | Received a gift from Trog
 23343 | Lair:2   | Found a frozen archway.
 23371 | IceCv    | Entered an ice cave
 24994 | Lair:2   | Found a staircase to the Shoals.
 26388 | Lair:3   | Reached XP level 15. HP: 141/141 MP: 14/14
 26409 | Lair:3   | Identified the +8 battleaxe of the Special Defenders
                  | {vorpal, rPois Str+6} (Trog gifted it to you on level 3 of
                  | the Lair of Beasts)
 26409 | Lair:3   | Received a gift from Trog
 26495 | Lair:3   | You are sucked into a shaft and drop 3 floors!
 26495 | Lair:6   | Entered Level 6 of the Lair of Beasts
 26528 | Lair:6   | Found a staircase to the Slime Pits.
 26916 | Lair:6   | Reached skill level 17 in Axes
 27583 | Lair:6   | Identified the +12 hand axe "Cioshol" {vorpal, rElec}
 27886 | Lair:6   | Received a gift from Trog
 28290 | Lair:6   | Found a burning altar of Makhleb.
 28308 | Lair:6   | Found a gateway to Hell.
 28616 | Lair:6   | Identified the +9 hunting sling of Yruleu {speed, Str+4
                  | Int+4}
 28694 | Lair:5   | Found a stormy altar of Qazlal.
 29442 | Lair:4   | Found a staircase to the Snake Pit.
 29698 | Lair:4   | Found a blossoming altar of Fedhas.
 29707 | Lair:4   | Reached skill level 18 in Axes
 30012 | Lair:4   | Received a gift from Trog
 30975 | Orc:1    | Entered Level 1 of the Orcish Mines
 31006 | Orc:1    | Reached XP level 16. HP: 111/151 MP: 15/15
 31346 | Orc:1    | Found Lunosost's Jewellery Shoppe.
 31571 | Orc:1    | Bought the amulet of the Four Winds {rN+ Will+++ Clar} for
                  | 570 gold pieces
 31571 | Orc:1    | Found the amulet of the Four Winds {rN+ Will+++ Clar}
 31588 | Orc:2    | Entered Level 2 of the Orcish Mines
 31667 | Orc:2    | Received a gift from Trog
 32403 | Orc:2    | Reached skill level 10 in Evocations
 32498 | Orc:2    | Found Lysonk's Jewellery Boutique.
 32550 | Orc:2    | Found a staircase to the Elven Halls.
 32742 | Orc:2    | Found Tuach's Antique Armour Emporium.
 32742 | Orc:2    | Found Joguzxoc's Jewellery Shop.
 32771 | Orc:2    | Found Wuybbod's Jewellery Emporium.
 32771 | Orc:2    | Found Gosestro's Armour Shop.
 33142 | Snake:1  | Entered Level 1 of the Snake Pit
 33557 | Snake:1  | Reached skill level 10 in Stealth
 34088 | Snake:1  | Noticed Aizul
 34091 | Snake:1  | Received a gift from Trog
 34100 | Snake:1  | Killed Aizul
 34281 | Snake:1  | You are sucked into a shaft and drop 1 floor!
 34736 | Snake:2  | Found a shimmering altar of Xom.
 34818 | Snake:2  | Reached skill level 19 in Axes
 35027 | Snake:2  | Found Fozian's Weapon Boutique.
 35664 | Snake:1  | Identified the +2 dire flail of Discretion {vorpal, Dex+4}
 37148 | Snake:1  | Identified the ring "Ebim Vut" {*Corrode rPois Will+ Dex+6}
 37231 | Snake:1  | Identified the +9 falchion of the Sneaky Continents {venom,
                  | rElec rPois Int-5}
 37240 | Snake:1  | Reached XP level 17. HP: 138/165 MP: 16/16
 37867 | Snake:3  | Received a gift from Trog
 38761 | Snake:3  | Identified the ring "Lichej" {rPois Will+ Int+5 SInv}
 39022 | Snake:3  | Noticed Mara
 39054 | Snake:3  | Noticed cbfl8's illusion
 39059 | Snake:3  | Killed Mara
 40300 | Snake:4  | Entered Level 4 of the Snake Pit
 40436 | Shoals:1 | Entered Level 1 of the Shoals
 40901 | Shoals:1 | Identified a scroll of acquirement
 41101 | Shoals:1 | Found Micuof's CLEARANCE SALE!.
 41111 | Shoals:1 | Received a gift from Trog
 41850 | Shoals:1 | Found Miynta Dumm's Assorted Antiques.
 42047 | Shoals:1 | Reached skill level 20 in Axes
 42284 | Shoals:1 | Found Cuebbej's Magic Scroll Shoppe.
 42338 | Shoals:1 | Found Wieduefa's Antique Weapon Shoppe.
 42590 | Shoals:1 | Bought a scroll of teleportation for 36 gold pieces
 43505 | Shoals:2 | Found a flickering gateway to a bazaar.
 43592 | Bazaar   | Entered a bazaar
 43592 | Bazaar   | Found Keim's Distillery.
 44128 | Bazaar   | Bought a potion of heal wounds for 55 gold pieces
 44128 | Bazaar   | Bought 2 potions of lignification for 66 gold pieces
 44128 | Bazaar   | Bought a potion of might for 44 gold pieces
 44128 | Bazaar   | Bought a potion of cancellation for 88 gold pieces
 44141 | Bazaar   | Found Rymmyen's Magic Scroll Shoppe.
 44149 | Bazaar   | Found Moywkaic's Weapon Shop.
 44152 | Bazaar   | Bought a scroll of teleportation for 21 gold pieces
 44152 | Bazaar   | Bought a scroll of magic mapping for 24 gold pieces
 44152 | Bazaar   | Bought a scroll of blinking for 52 gold pieces
 44172 | Bazaar   | Found Utacsuig's Book Shoppe.
 44458 | Shoals:2 | Noticed Mlioglotl
 44466 | Shoals:2 | Killed Mlioglotl
 44466 | Shoals:2 | Identified the +7 battleaxe of Qewaanlo {vorpal, Contam
                  | rElec Will+++ Stlth+} (Trog gifted it to you on level 2 of
                  | the Shoals)
 44466 | Shoals:2 | Received a gift from Trog
 44525 | Shoals:2 | Reached XP level 18. HP: 162/176 MP: 17/17
 44632 | Shoals:2 | Noticed Ilsuiw
 44641 | Shoals:2 | Noticed Nikola
 44659 | Shoals:2 | HP: 13/264 [Nikola/arc of chain lightning (19)]
 44663 | Shoals:2 | Killed from afar by Nikola

Illustrated notes

Levels and vault maps discovered:
D:1:      roderic_crossed_star, layout_rooms, minmay_nonomino_d4
D:2:      layout_basic, basic_altar
D:3:      layout_loops_ring, uniq_crazy_yiuf_cottage, uniq_ijyb, uniq_natasha
D:4:      layout_loops_cross, gammafunk_temple_overflow_elements,
          nrook_mini_backslash, uniq_duvessa, uniq_edmund, uniq_robin
D:5:      layout_loops_ring, minmay_misc_feat_five
D:6:      layout_basic, uniq_grinder, uniq_prince_ribbit1
D:7:      layout_gridville, minmay_temple_entry_water_ring,
          nicolae_ossuary_entry_giza, uniq_harold
D:8:      layout_layer_cave, serial_shops, shop, uniq_gastronok
D:9:      layout_grid_maze, kennysheep_little_box, minmay_lair_entry_grove,
          minmay_shop_grid_forest, minivault_19, uniq_pikel, uniq_psyche,
          uniq_erica
D:10:     layout_roguey, enter_bailey_4, uniq_maggie
D:11:     layout_loops_cross, hiddenorc1_lemuel
D:12:     minmay_crescents, layout_irregular_city, minmay_hedge_maze
D:13:     layout_irregular_city, serial_co_window_serial, co_window_paths_a,
          co_window_of_opportunity_a, co_window_of_opportunity_a,
          co_window_corner_a, co_window_paths_a, co_window_paths_b,
          co_window_paths_b, co_window_corner_ca, co_window_unsneaky_path_c,
          co_window_broadway_a, co_window_paths_c, co_window_paths_d,
          glass_columns_c, glass_columns_a
D:14:     cross_vault, layout_basic, erik_vaults_1
D:15:     hangedman_depths_entry_civil_slaughter, layout_small_grid,
          nrook_campfire
Lair:1:   beast_lair_carwin_large_1, layout_loops_ring, special_room
          [special_room_bee]
Lair:2:   layout_gridlike, elwin_shoals_entry_rooms,
          portal_ice_cave_demonic_guard, serial_bayou_shore_b
Lair:3:   layout_loops_ring, bh_autumn_forest_stairs
Lair:4:   layout_long_grid, minmay_snake_entry_guardpost_small,
          hangedman_tree_tricks, minivault_11, chequers_serial_rivers_marsh
Lair:5:   layout_misc_corridors, basic_altar, disabler_island
Lair:6:   evil_forest, layout_regular_city, minmay_slime_entry_pillars,
          nicolae_quartered_pool_medium, st_stairs_13
Shoals:1: cheibrodos_shoals_baths, layout_shoals, serial_shops,
          nicolae_shop_overgrown_old_shop, shop, nicolae_shop_waterfront,
          nicolae_shop_clearance
Shoals:2: layout_shoals, serial_shops, bzr_entry_customers, uniq_ilsuiw,
          uniq_mlioglotl, uniq_nikola, uniq_polyphemus
Snake:1:  layout_rooms, serial_bayou_pond_e, nicolae_snake_naga_rites,
          uniq_aizul
Snake:2:  layout_cave_town, serial_shops, nicolae_shop_bloodbath_and_beyond,
          basic_altar, grunt_megastairs_1, serial_bayou_shore_a
Snake:3:  layout_layer_cave, uniq_mara
Snake:4:  minmay_snake_end_coiled, layout_concentric_octagons
Orc:1:    layout_caves, serial_shops, shop
Orc:2:    grunt_orc_tribal_feast, layout_caves, serial_shops, shop

Skill      XL: |  1  2  3  4  5  6  7  8  9 10 11 12 13 14 15 16 17 |
---------------+----------------------------------------------------+-----
Fighting       | 4 5 6 7 9 10 11 12 14 15 16 18 19 | 19.4
Axes           | 4 5 6 8 10 11 12 14 15 16 18 19 20 | 20.4
Armour         | 3 4 5 6 7 8 9 10 11 12 13 14 | 14.4
Dodging        | 3 4 5 6 7 8 9 10 11 12 13 | 13.6
Stealth        | 1 2 3 4 5 6 7 8 9 10 11 | 11.3
Evocations     | 1 2 3 4 5 6 7 8 9 10 11 | 11.5

Action                   |  1- 3 |  4- 6 |  7- 9 | 10-12 | 13-15 | 16-18 || total
-------------------------+-------+-------+-------+-------+-------+-------++-------
Melee: Hand axe          |    70 |    71 |   255 |       |       |       ||   396
       Headbutt          |    13 |    14 |    80 |   106 |   195 |   148 ||   556
       War axe           |       |       |    56 |   186 |       |       ||   242
       Punch             |       |       |     2 |     2 |       |       ||     4
       Battleaxe         |       |       |       |   247 |   439 |   391 ||  1077
       Executioner's axe |       |       |       |       |   316 |   217 ||   533
Invok: Berserk           |       |     4 |     5 |    10 |    10 |    10 ||    39
       Trog's Hand       |       |       |     1 |       |       |       ||     1
       Brothers in Arms  |       |       |       |       |       |     3 ||     3
Evoke: Wand              |       |       |     4 |     5 |     4 |    63 ||    76
  Use: Potion            |       |       |     7 |     2 |     3 |    13 ||    25
       Scroll            |       |       |     5 |    15 |     9 |    10 ||    39
 Stab: Distracted        |       |       |       |     4 |     3 |     6 ||    13
       Sleeping          |       |       |       |       |     8 |    10 ||    18
Armor: Animal skin       |     7 |       |       |       |       |       ||     7
       Ring mail         |    17 |     7 |       |       |       |       ||    24
       Chain mail        |       |    20 |    15 |       |   460 |   349 ||   844
       Plate armour      |       |       |   219 |   392 |    24 |       ||   635
       Skin              |       |       |       |       |       |    10 ||    10
Dodge: Dodged            |    43 |    27 |   139 |   257 |   581 |   534 ||  1581
